 Dungeon Crawl Stone Soup version 0.29.1-debian-1-gc3f1650bb9 (webtiles) character file.

Game seed: 14946871707131013803

9 ytrimaz the Chopper (level 2, -1/23 HPs)
             Began as a Demonspawn Gladiator on Sept 12, 2022.
             Slain by a hobgoblin
             ... wielding a +0 dagger
              (4 damage)
             ... on level 1 of the Dungeon.
             The game lasted 00:00:12 (165 turns).

ytrimaz the Chopper (Demonspawn Gladiator)           Turns: 165, Time: 00:00:13

Health: -1/23      AC:  4    Str: 14    XL:     2   Next: 3%
Magic:  2/2        EV: 12    Int:  9    God:
Gold:   0          SH:  0    Dex: 14    Spells: 1/1 levels left

rFire   . . .      SeeInvis .   a - +0 war axe
rCold   . . .      Faith    .   (no shield)
rNeg    . . .      Spirit   .   b - +0 leather armour
rPois   .          Reflect  .   c - +0 helmet
rElec   .          Harm     .   (no cloak)
rCorr   .          Rampage  .   (no gloves)
Will    .....                   (no boots)
Stlth   +.........              (no amulet)
HPRegen 0.07/turn               (no ring)
MPRegen 0.08/turn               (no ring)

@: no status effects
A: foul stench 1
a: no special abilities


You were on level 1 of the Dungeon.
You visited 1 branch of the dungeon, and saw 1 of its levels.


Innate Abilities, Weirdness & Mutations

You may rarely emit foul miasma when damaged in melee.


   Skills:
 * Level 2.4 Fighting
 + Level 2.8 Axes
 + Level 2.0 Throwing
 - Level 2.6 Dodging


You had one spell level left.
You didn't know any spells.
Your spell library was empty.

Inventory:

Hand Weapons
 a - a +0 war axe (weapon)
Missiles
 d - 3 throwing nets (quivered)
 e - a javelin
Armour
 b - a +0 leather armour (worn)
 c - a +0 helmet (worn)
Scrolls
 g - a scroll of immolation {unknown}
Potions
 f - a potion of mutation {unknown}

Dungeon Overview and Level Annotations

Branches:
Dungeon (1/15) Zot: 5826

Altars:

. .. ..# # .#
.###..# ##. .# # #
.#....#. ...####
.#.#.# .......
...>..#.#.#.##
...#.##.#
#.........(..
......#.#
#....#.......
†.....#.#
#.....#......
.####.#.#
#....@g......
....†.#.#
#....)#......
..#####.#. ##+#.†#
..... ..#
#.#..##.#..# ....
#.#####.# ...#..#
...
........#####.#..#
..
..####...........#
. ###
#.######.##.# #.#
#.##.#


You could see a hobgoblin.


Message History

You hit the bat but do no damage. The bat hits you but does no damage.
The bat closely misses you.
You hit the bat.
You kill the bat!
You hit the giant cockroach.
You kill the giant cockroach!
You see here a giant cockroach corpse.
No target in view!
g - a scroll labelled DIUGALE DIOCK
Found an escape hatch in the floor.
A rat comes into view.
A rat is nearby!
A rat is nearby!
A kobold comes into view. It is wielding a +0 whip.
Found a stone staircase leading down.
The kobold shouts!
The rat barely misses you.
The kobold moves out of view.
A rat is nearby!
You hit the rat. The rat barely misses you.
You closely miss the rat.
An endoplasm comes into view.
The rat bites you.
You hit the rat.
You kill the rat!
A hobgoblin comes into view.
A ball python comes into view.
The kobold throws a stone.
The stone misses you.
The hobgoblin moves out of view. 😕 HP[-2]
You take 2 damage, and now have 14/16 hp.
The kobold hits you with a +0 whip.
You see here a rat corpse. 😮 HP[-2]
You take 2 damage, and now have 12/16 hp.
Unknown command.
There are monsters nearby!
There are monsters nearby!
You are too injured to fight recklessly!
You slash the kobold!
You kill the kobold! 😕 HP[+1]
You now have 17 max hp (+1).
You slash the endoplasm!
You kill the endoplasm!
Your Throwing skill increases to level 2!
You have reached level 2!
Your demonic ancestry asserts itself...
You begin to emit a foul stench of rot and decay. 😕 HP[+5] MP[+1]
You now have 23 max hp (+6).
You regained 5 hp, and now have 18/23 hp.
Your mp is fully restored (2).
The ball python completely misses you. The ball python closely misses you.
Things that are here:
a +0 whip; 3 stones; a kobold corpse You barely miss the ball python.
The ball python bites you. The ball python closely misses you.
The ball python barely misses you. x2 😮 HP[-3]
You take 3 damage, and now have 15/23 hp.
The ball python barely misses you. The ball python grabs you.
The ball python constricts you.
The ball python's grasp on you weakens, but your attempt to escape fails.
The ball python barely misses you. The ball python constricts you.
Unknown command.
The hobgoblin shouts!
You hit the ball python but do no damage.
The ball python bites you but does no damage.
The ball python constricts you.
The ball python bites you but does no damage.
The ball python constricts you. 😮 HP[+1]
You are too injured to fight recklessly!
You hit the ball python.
The ball python bites you but does no damage.
The ball python constricts you. 😮 HP[-1]
You take 1 damage, and now have 15/23 hp.
You hit the ball python but do no damage.
The ball python barely misses you. The ball python constricts you.
The ball python barely misses you. The ball python constricts you.
You are too injured to fight recklessly! 😮 HP[-1]
You take 1 damage, and now have 14/23 hp.
Unknown command.
You slash the ball python!
You kill the ball python!
You are too injured to fight recklessly!
You closely miss the hobgoblin.
The hobgoblin hits you with a +0 dagger. x2
* * * LOW HITPOINT WARNING * * *
😨 HP[-6]
You take 6 damage, and now have 8/23 hp.
MASSIVE DAMAGE!! (PAUSE)
You closely miss the hobgoblin. Your punch misses the hobgoblin.
The hobgoblin misses you.
You hit the hobgoblin.
The hobgoblin hits you with a +0 dagger.
* * * LOW HITPOINT WARNING * * *
The hobgoblin hits you with a +0 dagger.
You die...

Skill      XL: |  1 |
---------------+----+-----
Throwing       | 2 |  2.0
Fighting       | |  2.4
Axes           | |  2.8
Dodging        | |  2.6

Action                   || total
-------------------------++-------
Melee: War axe           ||    19
Armor: Leather armour    ||     5
Dodge: Dodged            ||    15

Levels and vault maps discovered:
D:1:      dpeg_arrival_round_a, layout_basic,
          hellmonk_ecumenical_altar_arch_garden, minmay_tetromino_o2

Notes
Turn   | Place    | Note
-------+----------+-------------------------------------------
     0 | D:1      | ytrimaz the Demonspawn Gladiator began the quest for the
                  | Orb.
     0 | D:1      | Reached XP level 1. HP: 16/16 MP: 1/1
     0 | D:1      | magus.rc [v1.9.6]
   155 | D:1      | Reached skill level 2 in Throwing
   155 | D:1      | Gained mutation: You may rarely emit foul miasma when
                  | damaged in melee. [demonic ancestry]
   155 | D:1      | Reached XP level 2. HP: 18/23 MP: 2/2
   165 | D:1      | HP: 3/23 [hobgoblin/+0 dagger (5)]
   165 | D:1      | Slain by a hobgoblin

Vanquished Creatures
  An endoplasm (D:1)
  A giant cockroach (D:1)
  2 kobolds (D:1)
  A quokka (D:1)
  A ball python (D:1)
  A bat (D:1)
  A rat (D:1)
8 creatures vanquished.

Table legend:
 A = Non-vault XP
 B = Vault XP
 C = Vault XP percentage of total XP
 D = Non-vault monster count
 E = Vault monster count
 F = Vault count percentage of total count
                 A         B        C        D         E       F
            +---------+---------+-------+---------+---------+-------
      Total |      12 |       1 |   7.7 |       7 |       1 |  12.5
            +---------+---------+-------+---------+---------+-------
        D:1 |      12 |       1 |   7.7 |       7 |       1 |  12.5
            +---------+---------+-------+---------+---------+-------

Illustrated notes

Table legend:
 A = Kills in this place as a percentage of kills in entire the game.
 B = Kills by you in this place as a percentage of kills by you in the entire game.
 C = Kills by friends in this place as a percentage of kills by friends in the entire game.
 D = Other kills in this place as a percentage of other kills in the entire game.
 E = Experience gained in this place as a percentage of experience gained in the entire game.
 F = Experience gained in this place divided by the number of levels of this place that you have seen.
                   A       B       C       D       E      F
               +-------+-------+-------+-------+-------+----------------------
         Total | 100.0 | 100.0 |   N/A |   N/A | 100.0 |  13.0
       Dungeon | 100.0 | 100.0 |   N/A |   N/A | 100.0 |  13.0
               +-------+-------+-------+-------+-------+----------------------

Table legend: (Time is in decaauts)
 A = Elapsed time spent in this place.
 B = Non-inter-level travel time spent in this place.
 C = Inter-level travel time spent in this place.
 D = Time resting spent in this place.
 E = Time spent auto-exploring this place.
 F = Levels seen in this place.
 G = Mean time per level.
                   A        B        C        D        E       F      G
               +--------+--------+--------+--------+--------+-----+--------+
         Total |    171 |    171 |      0 |      0 |    120 |   1 |  171.0 |
       Dungeon |    171 |    171 |      0 |      0 |    120 |   1 |  171.0 |
               +--------+--------+--------+--------+--------+-----+--------+

Top non-repeatable levels by time:
     D:1: 171 daAuts
